 Dungeon Crawl Stone Soup version 0.23.2-11-gf996548c65 (webtiles) character file.

Game seed: 2150531702717955515

1076 Lokunos the Poker (level 8, 0/70 HPs)
             Began as a Hill Orc Wanderer on June 4, 2019.
             Was an Initiate of Gozag.
             Slain by an orc warrior
             ... wielding a +0 halberd
              (7 damage)
             ... on level 6 of the Dungeon.
             The game lasted 00:40:03 (6675 turns).

Lokunos the Poker (Hill Orc Wanderer)               Turns: 6675, Time: 00:40:05

Health: 0/70       AC: 16    Str: 16    XL:     8   Next: 29%
Magic:  8/8        EV:  5    Int: 11    God:    Gozag
Gold:   279        SH:  0    Dex: 12    Spells: 7/7 levels left

rFire    . . .     SeeInvis .   a - +3 spear
rCold    . . .     Gourm    .   (no shield)
rNeg     . . .     Faith    .   D - +0 plate armour
rPois    .         Spirit   .   (no helmet)
rElec    .         Reflect  .   G - scarf {cloud immunity}
rCorr    .         Harm     +   M - +1 pair of gloves
MR       .....                  m - +1 pair of boots
Stlth    ..........             p - amulet of harm
HPRegen  0.21/turn              (no ring)
MPRegen  0.11/turn              (no ring)

@: about to teleport
A: no striking features
a: Potion Petition, Call Merchant, Bribe Branch, Renounce Religion


You were on level 6 of the Dungeon.
You worshipped Gozag.
Gozag was aware of your devotion.
You were very hungry.

You visited 2 branches of the dungeon, and saw 7 of its levels.

You collected 375 gold pieces.
You paid 96 gold pieces to Gozag.

Inventory:

Hand Weapons
 a - a +3 spear (weapon)
 b - a +0 mace
 k - a +0 scythe
 l - a +0 hunting sling
 w - a +0 club
 x - a +0 club
 z - a +0 blowgun
 E - a +0 falchion
 F - a +0 spear
 K - a +0 great mace
 L - a cursed -3 battleaxe
 N - a +0 bardiche
Missiles
 g - 151 stones
 h - 4 tomahawks (quivered)
 r - 5 javelins
 t - 2 throwing nets
 v - 63 bolts
Armour
 d - a +0 robe
 j - a +0 ring mail
 m - a +1 pair of boots (worn)
 n - a +0 robe
 q - a +0 pair of gloves
 D - a +0 plate armour (worn)
 G - a scarf of cloud immunity (worn)
 M - a +1 pair of gloves (worn)
 O - a +0 pair of boots
Jewellery
 p - an amulet of harm (around neck)
 u - an uncursed ring of ice
 y - an uncursed ring of ice
Wands
 H - a wand of iceblast (10)
 P - a wand of enslavement (7)
Scrolls
 c - 4 scrolls of teleportation
 A - 2 scrolls of remove curse {unknown}
 I - a scroll of enchant armour
 J - 2 scrolls of blinking {unknown}
Potions
 e - a potion of curing
 i - 2 potions of haste {unknown}
 o - 2 potions of heal wounds {unknown}
 s - a potion of lignification {unknown}
 B - 4 potions of mutation {unknown}
 C - a potion of cancellation {unknown}
Comestibles
 f - 12 rations


   Skills:
 + Level 5.6 Fighting
 + Level 1.3(5.1) Axes
 + Level 6.5 Polearms
 + Level 3.7 Throwing
 + Level 4.2 Armour
 + Level 2.3 Dodging
 + Level 1.5 Stealth
 + Level 1.0 Evocations


You had 7 spell levels left.
You didn't know any spells.
Your spell library contained the following spells:

 Spells                   Type           Power        Failure   Level  Hunger
 Animate Skeleton         Necr           N/A          100%        1    ##.....
 Magic Dart               Conj           #...         100%        1    ##.....
 Pain                     Necr           #...         100%        1    ##.....
 Blink                    Tloc           N/A          100%        2    ###....
 Call Imp                 Summ           #.......     100%        2    ###....
 Slow                     Hex            #.......     100%        2    ###....
 Conjure Flame            Conj/Fire      #.......     100%        3    ####...
 Mephitic Cloud           Conj/Pois/Air  #.......     100%        3    ####...
 Regeneration             Chrm/Necr      #.........   100%        3    ####...
 Vampiric Draining        Necr           #.........   100%        3    ####...
 Animate Dead             Necr           N/A          100%        4    #####..


Dungeon Overview and Level Annotations

Branches:
Dungeon (6/15)             Temple (1/1) D:5

Altars:
Ashenzari
Cheibriados
Dithmenos
Elyvilon
Fedhas
Gozag
Hepliaklqana
Kikubaaqudgha
Makhleb
Nemelex Xobeh
Okawaru
Qazlal
Ru
Sif Muna
Trog
Uskayaw
Vehumet
Wu Jian
Xom
Zin
The Shining One


Message History

The orc shouts!
The orc wizard mumbles some strange words.
The orc wizard flickers and vanishes!
Deactivating autopickup; reactivate with Ctrl-A.
The orc warrior hits you with a +0 halberd!
You closely miss the orc warrior.
The orc warrior hits you with a +0 halberd!
An orc warrior is nearby!
As you read the scroll of teleportation, it crumbles to dust.
You feel strangely unstable.
The orc warrior hits you from afar with a +0 halberd!
* * * LOW HITPOINT WARNING * * *
You hear a shout! 2 orcs come into view.
The orc shouts! x2; You hear some strange, mumbled words.
A puff of frost appears from out of thin air!
The puff of frost hits you but does no damage.
The orc warrior hits you with a +0 halberd.
You die...
Your body crumbles into a pile of gold.

### ###### ########..
..... #....@.#.# #..#
......o#!#.#####..#
.##.##.#.#.##.....# #
#oo.....)##..#
#.oo.#.#....)...#####.
#.##.#.########.......
# ....# #.##.##.
..$### #.#..... ....
#.......


You could see an orc warrior and 2 orcs.

Vanquished Creatures
  Sigmund (D:2)
  A wyvern (D:5)
  A sky beast (D:5)
  2 ogres (D:5)
  A scorpion (D:5)
  2 crimson imps
  2 jellies
  2 iguanas
  3 worker ants
  7 gnolls
  4 adders
  A shadow imp (D:5)
  3 oozes
  3 worms
  5 leopard geckos
  4 giant cockroaches
  7 goblins
  8 hobgoblins
  6 jackals (D:5)
  13 kobolds
  3 quokkas
  8 bats
  3 frilled lizards
  10 rats
100 creatures vanquished.

Notes
Turn   | Place    | Note
-------+----------+-------------------------------------------
     0 | D:1      | Lokunos the Hill Orc Wanderer began the quest for the Orb.
     0 | D:1      | Lokunos set off with the following items: a +2 spear, a +0
                  | mace, a scroll of teleportation, a +0 robe, a ration
     0 | D:1      | Reached XP level 1. HP: 19/19 MP: 1/1
   346 | D:1      | Reached XP level 2. HP: 20/27 MP: 2/2
   879 | D:1      | Reached XP level 3. HP: 34/34 MP: 3/3
  1816 | D:2      | Noticed Sigmund
  2183 | D:2      | Reached skill level 3 in Polearms
  2183 | D:2      | Reached XP level 4. HP: 2/41 MP: 4/4
  2600 | D:2      | Reached skill level 5 in Fighting
  2659 | D:2      | Reached XP level 5. HP: 43/48 MP: 5/5
  2910 | D:2      | Killed Sigmund
  2910 | D:2      | Reached skill level 4 in Polearms
  2910 | D:2      | Reached skill level 1 in Throwing
  2910 | D:2      | Reached XP level 6. HP: 30/56 MP: 6/6
  4605 | D:4      | Reached skill level 5 in Polearms
  5108 | D:5      | Entered Level 5 of the Dungeon
  5120 | D:5      | Found a staircase to the Ecumenical Temple.
  5134 | D:5      | Found a sand-covered staircase.
  5219 | D:5      | Reached XP level 7. HP: 61/61 MP: 7/7
  5670 | D:5      | Noticed a wyvern
  5687 | D:5      | Killed a wyvern
  5687 | D:5      | Reached skill level 6 in Polearms
  5687 | D:5      | Reached XP level 8. HP: 27/69 MP: 8/8
  6020 | Temple   | Entered the Ecumenical Temple
  6164 | Temple   | Became a worshipper of Gozag Ym Sagoz the Greedy
  6675 | D:6      | Slain by an orc warrior

Skill      XL: |  1  2  3  4  5  6  7 |
---------------+----------------------+-----
Fighting       | 4 5 |  5.6
Polearms       | 3 4 5 6 |  6.5
Armour         | 2 3 4 |  4.2
Throwing       | 1 2 3 |  3.7
Dodging        | 2 |  2.3
Axes           | |  1.3
Stealth        | |  1.5
Evocations     | |  1.0

Action                   |  1- 3 |  4- 6 |  7- 9 || total
-------------------------+-------+-------+-------++-------
Melee: Spear             |   105 |   168 |   105 ||   378
 Fire: Hunting sling     |     3 |       |       ||     3
Throw: Tomahawk          |     8 |    41 |    17 ||    66
  Use: Scroll            |     3 |     7 |     2 ||    12
       Potion            |       |       |     1 ||     1
  Eat: Ration            |     1 |     3 |     1 ||     5
Armor: Robe              |     2 |       |       ||     2
       Ring mail         |    22 |    34 |    15 ||    71
       Plate armour      |       |       |    15 ||    15
Dodge: Dodged            |    52 |    56 |    41 ||   149
